Map: Efflorescence LE

Players

qqq - Winner!

  • Race: Zerg Zerg
  • Spawn Location: 6:00

Massa - Winner!

  • Race: Terran Terran
  • League: Platinum
  • Spawn Location: 9:00

Waffi

  • Race: Protoss Protoss
  • Spawn Location: 12:00

Enomine

  • Race: Protoss Protoss
  • Spawn Location: 3:00

VOD

Have the link to the VOD?

Description

Time

  • Played on: Feb. 25, 2021, 5:30 p.m.
  • Length: 6:13
Show
View Real Time Build Order
Export as new Build Order

qqq Zerg - Winner!

Build Orders: Pool First 

Get SALT Encoding   

  12  0:20  Spawning Pool  
  11  0:24  Drone  
  12  0:34  Drone  
  13  0:37  Drone  
  14  0:44  Overlord  
  14  1:07  Zergling x4  
  14  1:09  Queen  
  14  1:10  Zergling x2  
  19  1:19  Zergling x2  
  19  1:22  Extractor  
  19  1:30  Overlord  
  19  1:40  Zergling x2  
  20  2:04  Drone x2  
  21  2:30  Zergling x2  
  21  2:31  Drone x3  
  26  2:51  Drone x2  
  26  2:57  Metabolic Boost  
  27  3:06  Hatchery  
  26  3:16  Drone x2  
  27  3:24  Drone  
  28  3:28  Lair  
  28  3:39  Zergling x4  
  28  3:40  Overlord  
  30  3:58  Overlord x2  
  30  4:13  Zergling x6  
  28  4:33  Zergling x12  
  28  4:35  Queen  
  36  4:40  Zergling x2  
  36  4:41  Zergling x2  
  37  5:11  Spore Crawler  
  37  5:13  Drone x3, Spire  
  37  5:14  Drone x5  
  41  5:17  Extractor x2  
  41  5:18  Drone  
  38  5:55  Drone x8  
  38  5:56  Drone x2  
Show
View Real Time Build Order
Export as new Build Order

Massa Terran - Winner!

Build Orders:  

Get SALT Encoding   

  12  0:01  SCV  
  13  0:13  SCV  
  14  0:18  Supply Depot  
  14  0:25  SCV  
  15  0:40  SCV  
  15  0:41  Barracks  
  16  0:47  Refinery  
  16  0:52  SCV  
  17  1:04  SCV  
  18  1:07  Barracks  
  18  1:14  Supply Depot  
  19  1:19  SCV  
  19  1:47  Barracks  
  19  1:53  Orbital Command  
  19  1:58  Marine  
  20  2:02  Barracks Tech Lab  
  20  2:16  Marine  
  20  2:18  Supply Depot  
  20  2:19  SCV  
  20  2:21  Marauder  
  24  2:23  Stimpack  
  24  2:31  SCV  
  24  2:34  Marine x2  
  27  2:43  Marauder  
  29  2:52  Marine x2  
  31  3:04  Marauder  
  33  3:09  Marine  
  33  3:10  Marine  
  35  3:26  Marauder  
  37  3:27  Marine  
  37  3:28  Marine  
  39  3:51  Supply Depot x2  
  39  3:55  Supply Depot  
  39  4:02  Marine  
  38  4:08  Marine  
  39  4:13  Marauder  
  41  4:20  Marine  
  42  4:26  Marine  
  43  4:34  Marauder  
  43  4:38  Marine  
  39  4:44  Marine  
  39  4:55  Marauder  
  39  4:56  Marine  
  42  5:02  Marine  
  43  5:13  Marine  
  44  5:17  Marauder  
  44  5:19  Marine  
  41  5:31  Marine  
  42  5:37  Marine  
  42  5:38  Marauder  
  42  5:39  Factory  
  42  5:42  Command Center  
  45  5:44  Engineering Bay  
  45  5:45  Supply Depot x2  
Show
View Real Time Build Order
Export as new Build Order

Waffi Protoss 

Build Orders: 1 Gate Expand 

Get SALT Encoding   

  12  0:00  Probe  
  13  0:12  Probe  
  14  0:20  Pylon  
  14  0:24  Probe  
  15  0:38  Probe (Chrono Boost)  
  15  0:40  Gateway  
  17  0:50  Probe (Chrono Boost), Assimilator  
  17  0:56  Probe (Chrono Boost)  
  18  1:04  Probe  
  19  1:16  Probe  
  20  1:28  Probe  
  20  1:32  Cybernetics Core  
  20  1:44  Nexus  
  20  1:45  Probe  
  21  1:55  Pylon  
  21  1:58  Probe  
  22  2:10  Probe  
  23  2:15  Pylon  
  23  2:18  Stalker (Chrono Boost)  
  23  2:21  Warp Gate (Chrono Boost)  
  25  2:29  Gateway  
  25  2:43  Stalker  
  27  2:45  Probe  
  28  2:51  Assimilator  
  28  2:58  Probe  
  29  3:10  Probe x2  
  31  3:17  Gateway  
  31  3:19  Gateway  
  31  3:22  Probe  
  32  3:38  Probe x2  
  32  3:41  Assimilator  
  34  3:50  Probe x2  
  35  4:10  Zealot x2  
  29  4:27  Probe x2  
  29  4:28  Zealot  
  29  4:29  Zealot  
  34  4:41  Zealot  
  36  4:58  Zealot x2  
Show
View Real Time Build Order
Export as new Build Order

Enomine Protoss 

Build Orders: Double Forge, Nexus First 

Get SALT Encoding   

  12  0:00  Probe  
  13  0:12  Probe  
  14  0:22  Pylon  
  14  0:25  Probe  
  15  0:40  Probe (Chrono Boost)  
  17  0:50  Probe (Chrono Boost)  
  17  0:55  Probe (Chrono Boost)  
  18  1:05  Nexus  
  18  1:08  Probe  
  19  1:22  Gateway  
  19  1:29  Forge  
  19  1:35  Probe  
  19  1:38  Assimilator  
  20  1:43  Assimilator  
  20  1:53  Pylon  
  20  2:04  Photon Cannon  
  20  2:07  Photon Cannon  
  20  2:14  Pylon  
  20  2:18  Pylon  
  20  2:25  Gateway  
  20  2:38  Pylon  
  20  2:39  Pylon  
  20  2:41  Pylon  
  20  2:43  Probe x2  
  22  2:50  Pylon  
  22  2:55  Probe x2  
  22  2:58  Gateway  
  24  3:00  Pylon  
  24  3:13  Cybernetics Core  
  24  3:20  Gateway  
  24  3:31  Probe  
  24  3:32  Probe  
  26  3:38  Forge  
  26  3:45  Probe (Chrono Boost)  
  27  3:50  Stargate  
  27  3:52  Probe (Chrono Boost)  
  28  4:01  Pylon  
  28  4:07  Pylon  
  27  4:13  Probe x2  
  26  4:24  Stargate  
  26  4:25  Pylon  
  16  4:50  Probe (Chrono Boost)  
  12  4:59  Void Ray (Chrono Boost)  
  12  5:00  Probe (Chrono Boost)  
  12  5:05  Probe (Chrono Boost)  
  13  5:10  Pylon  
  13  5:12  Pylon  
  13  5:19  Probe  
  13  5:33  Probe (Chrono Boost)  
  15  5:36  Probe (Chrono Boost)  
  16  5:43  Probe (Chrono Boost)  
  12  6:06  Pylon  
  12  6:08  Pylon  
Tags
 
Add a new tag
Caveats
  • Supply blocks, unpowered buildings, or Contaminate may cause inaccurate times.
  • Supply counts are checked every 10 seconds.